Map: Frozen Temple

Players

PsychO

  • Race: Zerg Zerg
  • League: Master

Miszu - Winner!

  • Race: Terran Terran
  • League: Master

VOD

Have the link to the VOD?

Description

Time

  • Played on: June 27, 2016, 9:51 a.m.
  • Length: 6:20
Show
View Real Time Build Order
Export as new Build Order

PsychO Zerg 

Build Orders: Pool First 

Get SALT Encoding   

  12  0:00  Drone  
  13  0:08  Drone  
  13  0:13  Extractor  
  13  0:15  Drone  
  15  0:22  Overlord  
  15  0:41  Drone x2  
  17  0:46  Drone  
  18  0:50  Spawning Pool  
  18  0:56  Drone  
  18  1:05  Drone  
  19  1:16  Hatchery  
  19  1:18  Drone  
  19  1:22  Extractor  
  18  1:27  Drone  
  19  1:38  Overlord, Queen  
  21  1:48  Drone  
  22  1:58  Drone  
  23  2:09  Drone  
  23  2:14  Queen  
  26  2:22  Metabolic Boost  
  26  2:23  Zergling x2  
  26  2:28  Queen  
  26  2:29  Zergling x2  
  30  2:35  Drone  
  31  2:42  Overlord  
  32  2:44  Drone  
  32  2:46  Drone  
  32  2:47  Drone x2  
  35  2:54  Overlord  
  35  3:02  Zergling x2  
  36  3:06  Roach Warren  
  35  3:15  Zergling x6  
  38  3:22  Zergling x4  
  38  3:23  Overlord x2  
  40  3:49  Roach x7  
  53  3:58  Roach  
  53  4:01  Zergling x6  
  58  4:06  Overlord  
  58  4:07  Zergling x2, Roach  
  58  4:08  Zergling x2  
  62  4:15  Roach  
  62  4:16  Zergling x2  
  65  4:23  Overlord  
  62  4:32  Roach  
  62  4:33  Zergling x4, Roach  
  62  4:35  Zergling x2  
  67  4:41  Overlord  
  67  4:42  Zergling x4  
  69  4:46  Zergling x2  
  69  4:49  Zergling x2  
  71  4:58  Roach  
  73  5:01  Roach  
  77  5:07  Zergling x8, Roach  
  77  5:08  Zergling x2  
  81  5:14  Zergling x2  
  81  5:15  Zergling x2  
  83  5:22  Zergling x2  
  83  5:25  Zergling x2  
  85  5:35  Zergling x4  
  87  5:36  Zergling x2  
  87  5:38  Hatchery  
  87  5:44  Zergling x4  
  87  5:45  Zergling x2  
  87  5:49  Zergling x2  
  91  5:56  Overlord  
Show
View Real Time Build Order
Export as new Build Order

Miszu Terran - Winner!

Build Orders: Reaper Expand 

Get SALT Encoding   

  12  0:01  SCV  
  13  0:13  SCV  
  14  0:18  Supply Depot  
  14  0:25  SCV  
  15  0:39  SCV  
  15  0:42  Barracks  
  16  0:45  Refinery  
  16  0:51  SCV  
  17  1:04  SCV  
  18  1:16  SCV  
  19  1:28  Orbital Command  
  19  1:29  Reaper  
  20  1:40  Command Center  
  20  1:50  Supply Depot  
  20  1:53  SCV  
  21  2:05  Barracks Reactor  
  21  2:06  Refinery, SCV  
  22  2:18  SCV  
  23  2:23  Factory  
  23  2:30  SCV  
  24  2:42  Marine x2, SCV  
  27  2:53  Orbital Command  
  27  2:58  SCV  
  27  3:00  Marine x2  
  30  3:07  Bunker  
  30  3:09  Factory Reactor  
  30  3:10  SCV  
  30  3:12  Starport  
  31  3:18  Marine x2  
  33  3:20  SCV  
  33  3:22  Factory Tech Lab, SCV  
  34  3:32  Supply Depot, SCV  
  35  3:35  SCV  
  35  3:36  Marine x2  
  38  3:42  Siege Tank  
  38  3:44  SCV  
  38  3:47  SCV  
  38  3:48  Medivac  
  45  3:53  Marine  
  45  3:54  Marine  
  47  3:56  SCV  
  48  4:05  Supply Depot, SCV  
  48  4:08  SCV  
  50  4:11  Marine x2  
  52  4:17  SCV  
  52  4:20  Supply Depot, SCV  
  54  4:27  Siege Tank  
  57  4:32  Supply Depot  
  57  4:33  Marine x2  
  61  4:42  Medivac  
  61  4:43  SCV  
  61  4:44  SCV  
  63  4:46  Command Center  
  63  4:50  Supply Depot  
  63  4:55  SCV  
  63  4:56  SCV  
  63  4:57  Barracks  
  63  4:58  Barracks  
  65  5:07  SCV  
  65  5:08  Refinery, SCV  
  65  5:09  Refinery  
  67  5:14  Siege Tank  
  67  5:19  SCV  
  67  5:20  SCV  
  67  5:21  Marine x2  
  72  5:25  Starport Reactor  
  74  5:31  SCV  
  74  5:32  Engineering Bay, SCV  
  74  5:34  Engineering Bay  
  76  5:39  Marine x2  
  78  5:46  Siege Tank  
  78  5:48  Barracks Tech Lab  
  78  5:49  Barracks Tech Lab  
  81  5:54  Supply Depot  
  81  5:57  Marine x2  
Tags
 
Add a new tag
Caveats
  • Supply blocks, unpowered buildings, or Contaminate may cause inaccurate times.
  • Supply counts are checked every 10 seconds.